General information
- name: BNet
- type: Ladder 1vs1/FFA
- host: Battle.net
- saver: BEAR_AND
map: LostTemple
- players: 2
- length: 51:23
- speed: Fast
- version: 1.26 W3XP
- replay type:

» download(162 KB)
Players
team 1 (winner)
BEAR_AND (
teal | 124 APM | 6380 actions | 51:23)
6 Archmage
3 Blizzard
2 Brilliance Aura
1 Mass Teleport
5 Mountain King
3 Storm Bolt
2 Bash
5 Paladin
3 Holy Light
2 Divine Shield
» actions
| Assign group hotkey | 23 | |
| Basic commands | 23 | |
| Build / train | 202 | |
| Enter build submenu | 82 | |
| Enter hero's abilities submenu | 18 | |
| Give item / drop item | 16 | |
| Remove unit from queue | 5 | |
| Right click | 3571 | |
| Select / deselect | 992 | |
| Select group hotkey | 753 | |
| Use ability | 694 | |
6380 total
» units
| Peasant | 17 | |
| Priest | 1 | |
| Sorceress | 1 | |
| Dragonhawk Rider | 4 | |
| Goblin Shredder | 3 | |
| Goblin Zeppelin | 8 | |
34 total
» upgrades
| Masonry | 3 | |
| Lumber Harvesting | 2 | |
| Magic Sentry | 1 | |
| Priest Training | 2 | |
| Sorceress Training | 2 | |
| Cloud | 1 | |
| Swords | 3 | |
| Armor | 3 | |
| Animal War Training | 1 | |
18 total
» buildings
| Altar of Kings | 2 | |
| Farm | 8 | |
| Lumber Mill | 1 | |
| Arcane Vault | 2 | |
| Scout Tower | 235 | |
| Arcane Tower | 19 | |
| Guard Tower | 86 | |
| Keep | 1 | |
| Town Hall | 5 | |
| Castle | 1 | |
| Arcane Sanctum | 1 | |
| Gryphon Aviary | 2 | |
| Blacksmith | 1 | |
| Barracks | 1 | |
365 total
» build order
00:13 Altar of Kings
00:20 Altar of Kings
00:23 Farm
00:29 Farm
00:41 Lumber Mill
00:53 Farm
01:14 Arcane Vault
01:43 Scout Tower
01:59 Scout Tower
02:12 Arcane Tower
02:36 Scout Tower
02:36 Guard Tower
02:37 Guard Tower
02:50 Scout Tower
03:34 Guard Tower
03:34 Guard Tower
04:18 Keep
04:22 Town Hall
04:27 Scout Tower
04:28 Scout Tower
04:55 Scout Tower
04:55 Scout Tower
04:57 Scout Tower
04:58 Scout Tower
05:09 Arcane Tower
05:10 Scout Tower
05:23 Guard Tower
05:24 Guard Tower
05:47 Scout Tower
05:48 Scout Tower
05:48 Guard Tower
05:50 Guard Tower
05:50 Guard Tower
06:01 Farm
06:05 Scout Tower
06:06 Scout Tower
06:26 Guard Tower
06:28 Guard Tower
06:54 Guard Tower
07:06 Guard Tower
07:08 Scout Tower
07:08 Scout Tower
07:09 Scout Tower
07:09 Scout Tower
07:10 Scout Tower
07:11 Scout Tower
08:10 Castle
08:10 Guard Tower
08:11 Guard Tower
08:11 Guard Tower
08:20 Scout Tower
08:21 Scout Tower
08:30 Guard Tower
08:30 Guard Tower
09:07 Guard Tower
10:27 Guard Tower
10:32 Scout Tower
10:33 Scout Tower
10:35 Scout Tower
10:36 Scout Tower
10:36 Scout Tower
10:46 Guard Tower
10:48 Arcane Vault
10:50 Scout Tower
10:51 Scout Tower
10:51 Scout Tower
10:52 Scout Tower
10:52 Scout Tower
10:53 Scout Tower
11:22 Guard Tower
11:25 Guard Tower
11:48 Arcane Sanctum
11:57 Guard Tower
12:00 Guard Tower
12:17 Farm
12:17 Guard Tower
12:18 Scout Tower
12:19 Scout Tower
12:21 Farm
13:16 Guard Tower
13:19 Scout Tower
13:20 Scout Tower
13:21 Scout Tower
13:22 Scout Tower
13:23 Scout Tower
13:24 Scout Tower
13:24 Scout Tower
13:25 Scout Tower
13:26 Scout Tower
13:28 Scout Tower
13:29 Scout Tower
13:30 Scout Tower
13:30 Scout Tower
13:31 Scout Tower
13:32 Scout Tower
13:33 Scout Tower
14:07 Guard Tower
14:14 Guard Tower
14:16 Gryphon Aviary
14:18 Gryphon Aviary
14:19 Blacksmith
14:51 Guard Tower
15:09 Town Hall
15:21 Guard Tower
15:27 Scout Tower
15:27 Scout Tower
15:40 Scout Tower
15:41 Scout Tower
15:41 Scout Tower
15:42 Scout Tower
15:42 Scout Tower
15:43 Scout Tower
15:44 Scout Tower
15:44 Scout Tower
15:45 Scout Tower
15:45 Scout Tower
15:46 Scout Tower
15:47 Scout Tower
15:47 Scout Tower
15:48 Scout Tower
15:48 Scout Tower
15:48 Scout Tower
16:55 Farm
17:15 Guard Tower
17:18 Scout Tower
17:19 Scout Tower
17:19 Scout Tower
17:20 Scout Tower
17:50 Guard Tower
17:57 Guard Tower
18:21 Guard Tower
18:23 Guard Tower
18:23 Guard Tower
18:23 Guard Tower
19:01 Guard Tower
19:49 Guard Tower
19:56 Guard Tower
19:56 Guard Tower
21:34 Town Hall
21:36 Scout Tower
21:37 Scout Tower
21:37 Scout Tower
21:38 Scout Tower
21:38 Scout Tower
21:39 Scout Tower
21:39 Scout Tower
21:39 Scout Tower
21:40 Scout Tower
21:40 Scout Tower
21:42 Scout Tower
21:42 Scout Tower
21:43 Scout Tower
21:43 Scout Tower
21:44 Scout Tower
21:44 Scout Tower
21:45 Scout Tower
21:45 Scout Tower
21:46 Scout Tower
21:47 Scout Tower
21:47 Scout Tower
21:48 Scout Tower
21:48 Scout Tower
21:49 Scout Tower
21:49 Scout Tower
21:51 Scout Tower
21:51 Scout Tower
21:52 Scout Tower
22:08 Scout Tower
22:09 Scout Tower
22:09 Scout Tower
22:10 Scout Tower
22:11 Scout Tower
22:12 Scout Tower
22:12 Scout Tower
22:13 Scout Tower
22:14 Scout Tower
22:15 Scout Tower
22:16 Scout Tower
22:16 Scout Tower
22:17 Scout Tower
22:17 Scout Tower
22:22 Guard Tower
22:23 Guard Tower
22:23 Guard Tower
22:24 Guard Tower
22:39 Guard Tower
22:46 Scout Tower
22:47 Scout Tower
22:47 Scout Tower
22:48 Scout Tower
22:48 Scout Tower
22:49 Scout Tower
22:51 Scout Tower
22:51 Scout Tower
22:52 Scout Tower
22:53 Scout Tower
22:53 Scout Tower
22:56 Scout Tower
22:56 Scout Tower
22:57 Scout Tower
22:57 Scout Tower
22:58 Scout Tower
22:59 Scout Tower
22:59 Scout Tower
23:00 Scout Tower
23:00 Scout Tower
23:01 Scout Tower
23:01 Scout Tower
23:02 Scout Tower
23:02 Scout Tower
23:04 Scout Tower
23:04 Scout Tower
23:06 Guard Tower
23:34 Arcane Tower
23:35 Guard Tower
23:35 Guard Tower
23:36 Guard Tower
24:15 Guard Tower
24:30 Guard Tower
25:04 Guard Tower
25:16 Scout Tower
25:17 Scout Tower
25:19 Scout Tower
25:20 Scout Tower
25:20 Scout Tower
25:21 Scout Tower
25:34 Guard Tower
25:34 Guard Tower
26:51 Guard Tower
28:22 Guard Tower
28:28 Scout Tower
28:29 Scout Tower
28:29 Scout Tower
28:30 Scout Tower
28:31 Scout Tower
29:47 Guard Tower
29:48 Guard Tower
29:48 Guard Tower
29:49 Scout Tower
29:50 Scout Tower
29:51 Scout Tower
29:51 Scout Tower
29:52 Scout Tower
29:52 Scout Tower
29:53 Scout Tower
29:53 Scout Tower
29:54 Scout Tower
29:55 Scout Tower
29:56 Scout Tower
29:56 Scout Tower
30:30 Arcane Tower
30:45 Guard Tower
30:59 Guard Tower
31:33 Barracks
31:39 Guard Tower
32:23 Arcane Tower
32:23 Arcane Tower
32:24 Arcane Tower
32:24 Arcane Tower
32:51 Arcane Tower
32:52 Arcane Tower
33:43 Town Hall
33:46 Scout Tower
33:46 Scout Tower
33:47 Scout Tower
33:48 Scout Tower
33:48 Scout Tower
33:49 Scout Tower
33:49 Scout Tower
33:53 Scout Tower
33:54 Scout Tower
33:55 Scout Tower
33:55 Scout Tower
33:55 Scout Tower
33:56 Scout Tower
33:56 Scout Tower
33:57 Scout Tower
33:59 Scout Tower
33:59 Scout Tower
34:00 Scout Tower
34:00 Scout Tower
34:01 Scout Tower
34:02 Scout Tower
34:02 Scout Tower
34:03 Scout Tower
34:03 Scout Tower
34:04 Scout Tower
34:04 Scout Tower
34:05 Scout Tower
34:05 Scout Tower
34:06 Scout Tower
34:07 Scout Tower
34:07 Scout Tower
34:24 Arcane Tower
34:26 Arcane Tower
34:26 Arcane Tower
35:29 Arcane Tower
35:32 Guard Tower
36:19 Scout Tower
36:20 Scout Tower
36:20 Scout Tower
36:21 Scout Tower
36:21 Scout Tower
36:22 Scout Tower
36:22 Scout Tower
37:05 Guard Tower
37:39 Guard Tower
37:42 Guard Tower
37:45 Scout Tower
37:45 Scout Tower
37:46 Scout Tower
37:47 Scout Tower
37:47 Scout Tower
37:47 Scout Tower
37:53 Guard Tower
38:36 Guard Tower
39:29 Guard Tower
39:39 Guard Tower
40:28 Guard Tower
41:01 Farm
45:34 Town Hall
45:44 Scout Tower
45:44 Scout Tower
45:45 Scout Tower
45:45 Scout Tower
45:46 Scout Tower
45:46 Scout Tower
45:47 Scout Tower
45:47 Scout Tower
45:47 Scout Tower
45:48 Scout Tower
46:06 Scout Tower
46:06 Scout Tower
46:07 Scout Tower
46:12 Guard Tower
46:18 Guard Tower
46:41 Guard Tower
46:42 Guard Tower
46:43 Guard Tower
47:19 Guard Tower
48:57 Guard Tower
49:23 Scout Tower
49:24 Scout Tower
49:24 Scout Tower
49:25 Scout Tower
49:26 Scout Tower
49:27 Scout Tower
49:28 Scout Tower
49:29 Scout Tower
49:35 Scout Tower
49:35 Scout Tower
49:36 Scout Tower
49:36 Scout Tower
49:37 Scout Tower
50:50 Guard Tower
51:18 Guard Tower
» items
| Scroll of Regeneration | 1 | |
| Potion of Healing | 2 | |
| Staff of Sanctuary | 3 | |
| Orb of Fire | 2 | |
| Boots of Speed | 3 | |
| Staff of Teleportation | 3 | |
14 total
team 2 (loser)
Xlarm (
blue | 28 APM | 1428 actions | 51:22)
5 Dreadlord
1 Sleep
1 Vampiric Aura
3 Carrion Swarm
4 Death Knight
2 Unholy Aura
2 Death Coil
» actions
| Basic commands | 444 | |
| Build / train | 97 | |
| ESC pressed | 4 | |
| Enter build submenu | 41 | |
| Enter hero's abilities submenu | 10 | |
| Remove unit from queue | 2 | |
| Right click | 12 | |
| Select / deselect | 706 | |
| Use ability | 112 | |
1428 total
» units
| Acolyte | 16 | |
| Ghoul | 4 | |
| Crypt Fiend | 4 | |
| Frost Wyrm | 5 | |
| Meatwagon | 6 | |
| Obsidian Statue | 2 | |
| Necromancer | 6 | |
43 total
» upgrades
| Unholy Armor | 3 | |
| Unholy Strength | 3 | |
| Creature Attack | 3 | |
| Creature Carapace | 3 | |
| Burrow | 1 | |
| Web | 1 | |
| Ghoul Frenzy | 1 | |
| Freezing Breath | 1 | |
| Disease Cloud | 1 | |
| Exhume Corpses | 1 | |
| Necromancer Training | 2 | |
| Skeletal Longevity | 1 | |
| Skeletal Mastery | 1 | |
22 total
» buildings
| Crypt | 2 | |
| Ziggurat | 23 | |
| Graveyard | 1 | |
| Altar of Darkness | 1 | |
| Halls of the Dead | 1 | |
| Nerubian Tower | 3 | |
| Spirit Tower | 12 | |
| Sacrificial Pit | 1 | |
| Tomb of Relics | 1 | |
| Black Citadel | 1 | |
| Boneyard | 3 | |
| Slaughterhouse | 2 | |
| Temple of the Damned | 3 | |
54 total
» build order
00:19 Crypt
00:21 Crypt
00:40 Ziggurat
01:11 Graveyard
02:03 Altar of Darkness
02:15 Ziggurat
03:57 Halls of the Dead
05:27 Ziggurat
05:30 Ziggurat
07:33 Ziggurat
08:16 Ziggurat
08:19 Ziggurat
08:24 Ziggurat
08:29 Ziggurat
09:14 Nerubian Tower
09:16 Spirit Tower
09:20 Spirit Tower
09:21 Spirit Tower
09:23 Spirit Tower
09:46 Sacrificial Pit
09:52 Tomb of Relics
10:01 Black Citadel
13:15 Boneyard
13:17 Boneyard
13:22 Boneyard
20:06 Slaughterhouse
20:11 Slaughterhouse
22:32 Ziggurat
22:45 Ziggurat
22:47 Ziggurat
22:49 Ziggurat
22:53 Ziggurat
23:35 Spirit Tower
23:37 Spirit Tower
23:40 Spirit Tower
23:43 Spirit Tower
23:48 Nerubian Tower
29:51 Ziggurat
29:55 Ziggurat
31:33 Ziggurat
31:35 Ziggurat
31:39 Ziggurat
31:45 Ziggurat
32:41 Spirit Tower
33:43 Ziggurat
33:46 Ziggurat
33:51 Ziggurat
40:41 Temple of the Damned
40:47 Temple of the Damned
42:00 Temple of the Damned
44:01 Spirit Tower
50:10 Nerubian Tower
50:12 Spirit Tower
50:13 Spirit Tower
» items
| Orb of Corruption | 1 | |
| Sacrificial Skull | 1 | |
2 total
Chat log
(00:29 / All) BEAR_AND: hi
(00:36 / All) Xlarm: hey gl
(02:01 / All) BEAR_AND: 1sec
(02:05 / All) BEAR_AND: ty
(26:45 / All) BEAR_AND: hehe
(27:34 / All) BEAR_AND: aura 2 lmao
(48:13 / All) BEAR_AND: not gonna happen
(48:52 / All) BEAR_AND: heroes only, lol
(50:10 / All) BEAR_AND: you done???